Oilers vs Blackhawks
(R1)
Created - May 20, 2021 at 19:22
Goals
|
| Oilers |
1 |
1 |
0 |
0 |
1 |
3 |
| Blackhawks |
0 |
1 |
1 |
0 |
0 |
2 |
|
Shots
|
| Oilers |
8 |
13 |
6 |
10 |
1 |
38 |
| Blackhawks |
6 |
14 |
3 |
10 |
0 |
33 |
|
1st period
1. Oilers , James Neal 3 (Brandon Sutter 3, Riley Sheahan 2) at 19:45
Penalties :
Taylor Hall (EDM) for Interference (Minor) at 5:26
2nd period
2. Oilers , Taylor Hall 3 (Oscar Klefbom 1, Henrik Zetterberg 4) at 5:04 (PP)
3. Blackhawks , John Carlson 1 (Jordan Staal 6) at 14:19 (PP)
Penalties :
Blake Wheeler (Chi) for Roughing (Minor) at 4:17, Kevin Porter (EDM) for Holding (Minor) at 13:38, Adam Larsson (EDM) for Hooking (Minor) at 15:00
3rd period
4. Blackhawks , Derick Brassard 4 (Antoine Roussel 4, Mike Comrie 3) at 4:02
Penalties :
Henrik Zetterberg (EDM) for Hooking (Minor) at 1:33, Derick Brassard (Chi) for Hooking (Minor) at 1:40, Tobias Enstrom (EDM) for Interference (Minor) at 14:23
Overtime #1
No Goal
Penalties :
Leon Draisaitl (EDM) for Hooking (Minor) at 3:11, Mike Comrie (Chi) for Roughing (Minor) at 5:45, Derick Brassard (Chi) for Tripping (Minor) at 6:03, Taylor Hall (EDM) for Hooking (Minor) at 6:10, Blake Wheeler (Chi) for Hooking (Minor) at 12:54, James Reimer (EDM) for Slashing (Minor) at 17:04 - Nikolai Kulemin served the penalty, Tim Connolly (Chi) for Boarding (Minor) at 19:43
Overtime #2
5. Oilers , Connor McDavid 3 (Rasmus Ristolainen 4, Taylor Hall 5) at 0:12 (PP)
Penalties :
No Penalty
Goalie Stats
James Reimer (EDM), 31 saves from 33 shots - (0.939), W, 3-1-1, 80:12 minutes
Jimmy Howard (Chi), 35 saves from 38 shots - (0.921), OTL, 3-2-1, 80:12 minutes
Players Stats for Oilers
Player Name G A P +/- PIM S H SB GA TA FO MP PP MP PK MP
------------------------------------------------------------------------------------
Adam Larsson 0 0 0 1 2 1 3 0 0 0 0/0 23:40 0:00 5:05
Brandon Sutter 0 1 1 1 0 2 2 0 1 1 5/13 22:07 0:01 3:17
Connor McDavid 1 0 1 -1 0 3 0 0 4 0 7/15 17:44 2:34 1:16
Darnell Nurse 0 0 0 0 0 2 2 3 0 0 0/0 29:03 2:17 6:10
Denis Grebeshkov 0 0 0 0 0 0 1 1 0 0 0/0 26:57 0:01 4:33
Henrik Zetterberg 0 1 1 0 2 2 9 1 2 2 17/33 27:51 1:12 4:27
James Neal 1 0 1 1 0 5 2 0 0 0 0/0 17:26 0:00 2:02
Jordan Eberle 0 0 0 0 0 4 0 1 1 3 0/1 29:02 1:11 2:56
Kevin Porter 0 0 0 0 2 2 0 0 0 0 5/8 9:52 0:00 0:00
Leon Draisaitl 0 0 0 0 2 1 1 0 0 0 0/0 15:44 1:12 0:00
Nikolai Kulemin 0 0 0 0 0 2 1 0 0 0 1/2 12:41 0:00 2:05
Oscar Klefbom 0 1 1 0 0 1 1 0 0 0 0/0 17:37 1:29 1:46
Pavel Buchnevich 0 0 0 0 0 1 2 0 1 0 0/0 10:06 0:00 0:00
Phil Kessel 0 0 0 -1 0 2 1 0 0 2 0/0 16:16 2:34 0:00
Rasmus Ristolainen 0 1 1 -1 0 4 3 0 2 0 0/0 30:59 2:16 0:07
Riley Sheahan 0 1 1 1 0 2 1 0 0 0 0/0 21:57 0:00 5:37
Taylor Hall 1 1 2 -1 4 2 1 1 0 0 2/2 25:10 2:33 0:00
Tobias Enstrom 0 0 0 0 2 2 2 1 0 1 0/0 32:07 1:29 3:59
Players Stats for Blackhawks
Player Name G A P +/- PIM S H SB GA TA FO MP PP MP PK MP
------------------------------------------------------------------------------------
Antoine Roussel 0 1 1 1 0 4 3 3 1 0 1/2 29:58 4:05 2:38
Blake Wheeler 0 0 0 0 4 1 0 0 1 2 1/2 15:30 0:09 0:00
Derick Brassard 1 0 1 1 4 3 2 0 0 0 17/26 23:43 5:46 2:32
Gabriel Bourque 0 0 0 0 0 0 1 0 0 0 0/1 11:58 0:25 0:00
Garnet Hathaway 0 0 0 0 0 2 1 0 0 0 0/0 12:10 0:49 0:00
Gustav Nyquist 0 0 0 -1 0 0 3 0 3 0 0/0 18:50 5:42 0:00
Jamie McBain 0 0 0 0 0 3 2 2 0 1 0/0 35:41 6:42 3:38
John Carlson 1 0 1 0 0 2 1 0 1 1 0/0 24:40 3:46 0:00
Johnny Gaudreau 0 0 0 0 0 3 3 0 1 0 0/0 22:07 5:45 0:38
Jordan Staal 0 1 1 0 0 2 0 0 0 1 13/31 28:45 4:05 1:38
Matthew Spiller 0 0 0 0 0 0 1 3 0 0 0/0 19:33 0:22 1:42
Mike Comrie 0 1 1 1 2 4 1 0 0 2 2/5 13:15 0:21 0:38
Nick Leddy 0 0 0 0 0 0 0 1 0 0 0/0 24:51 3:46 0:00
Patrick Marleau 0 0 0 -1 0 1 1 0 0 0 0/0 14:23 0:33 0:23
Rick Nash 0 0 0 0 0 5 4 0 1 0 0/0 25:42 4:05 0:00
Ryan Whitney 0 0 0 0 0 0 1 2 0 0 0/0 19:20 0:22 1:42
Tim Connolly 0 0 0 -1 2 3 0 2 0 1 3/7 15:36 0:44 0:31
Torey Krug 0 0 0 0 0 0 2 0 1 3 0/0 35:41 6:42 3:38
3 Stars
1 - James Neal (EDM)
2 - James Reimer (EDM)
3 - Henrik Zetterberg (EDM)
Power Play
Oilers - 2 on 6 Attempt(s) - 33.33%
Blackhawks - 1 on 8 Attempt(s) - 12.50%
Penalty Kill
Oilers - 7 on 8 Attempt(s) - 87.50%
- Score 0 goal in Penalty Kill
Blackhawks - 4 on 6 Attempt(s) - 66.67%
- Score 0 goal in Penalty Kill
Team Stat
Oilers - Hits : 32 - Faceoff Wins : 37 - Blocked Shots : 8 - Penalty Minutes : 16
Blackhawks - Hits : 26 - Faceoff Wins : 37 - Blocked Shots : 13 - Penalty Minutes : 12
Official
Referees : Unknown
Linesman : Unknown
Game Notes
No Game Note
Finance
Level 1 -- Attendance: 6000 (100.00%) -- Ticket Income $582,000
Level 2 -- Attendance: 5000 (100.00%) -- Ticket Income $325,000
Level 3 -- Attendance: 2000 (100.00%) -- Ticket Income $80,000
Level 4 -- Attendance: 4000 (100.00%) -- Ticket Income $100,000
Luxury Box -- Attendance: 1000 (100.00%) -- Ticket Income $180,000
Game was played at the Rexall Place.
Total Attendance: 18000 (100.00%)
Total Ticket Income: $1,267,000
Other Income: $190,050
Total Income: $1,457,050
Oilers
5 vs 5 Forward
Center Left Wing Right Wing Time % Phy DF OF
1 Henrik Zetterberg Taylor Hall Jordan Eberle 40 1 2 2
2 Brandon Sutter James Neal Riley Sheahan 30 1 2 2
3 Connor McDavid Leon Draisaitl Phil Kessel 20 1 2 2
4 Kevin Porter Nikolai Kulemin Pavel Buchnevich 10 1 2 2
5 vs 5 Defense
Defense Defense Time % Phy DF OF
1 Tobias Enstrom Rasmus Ristolainen 40 1 2 2
2 Darnell Nurse Denis Grebeshkov 30 1 2 2
3 Adam Larsson Oscar Klefbom 20 1 2 2
4 Adam Larsson Denis Grebeshkov 10 1 2 2
PowerPlay Forward
Center Left Wing Right Wing Time % Phy DF OF
1 Connor McDavid Taylor Hall Phil Kessel 60 1 2 2
2 Henrik Zetterberg Leon Draisaitl Jordan Eberle 40 1 2 2
PowerPlay Defense
Defense Defense Time % Phy DF OF
1 Darnell Nurse Rasmus Ristolainen 60 1 2 2
2 Oscar Klefbom Tobias Enstrom 40 1 2 2
Penalty Kill 4 Players Forward
Center Wing Time % Phy DF OF
1 Henrik Zetterberg Riley Sheahan 60 1 2 2
2 Brandon Sutter Jordan Eberle 40 1 2 2
Penalty Kill 4 Players Defense
Defense Defense Time % Phy DF OF
1 Adam Larsson Darnell Nurse 60 1 2 2
2 Denis Grebeshkov Tobias Enstrom 40 1 2 2
Penalty Kill - 3 Players Forward
Forward Time % Phy DF OF
1 Henrik Zetterberg 60 1 2 2
2 Jordan Eberle 40 1 2 2
Penalty Kill - 3 Players Defense
Defense Defense Time % Phy DF OF
1 Tobias Enstrom Rasmus Ristolainen 60 1 2 2
2 Darnell Nurse Denis Grebeshkov 40 1 2 2
4 vs 4 Forward
Center Wing Time % Phy DF OF
1 Brandon Sutter Jordan Eberle 60 1 2 2
2 Henrik Zetterberg Riley Sheahan 40 1 2 2
4 vs 4 Defense
Defense Defense Time % Phy DF OF
1 Tobias Enstrom Rasmus Ristolainen 60 1 2 2
2 Darnell Nurse Denis Grebeshkov 40 1 2 2
Last Minutes Offensive
Center Left Wing Right Wing Defense Defense
Henrik Zetterberg Taylor Hall Jordan Eberle Tobias Enstrom Rasmus Ristolainen
Last Minutes Defensive
Center Left Wing Right Wing Defense Defense
Henrik Zetterberg Taylor Hall Jordan Eberle Tobias Enstrom Rasmus Ristolainen
Goaltenders
Starting : James Reimer
Backup : Jonas Gustavsson
Extra Forwards
Normal : Leon Draisaitl, Connor McDavid, Nikolai Kulemin - PP : Leon Draisaitl, Connor McDavid - PK : Nikolai Kulemin
Extra Defensemen
Normal : Adam Larsson, Oscar Klefbom, Darnell Nurse - PP : Adam Larsson - PK : Oscar Klefbom, Darnell Nurse
Penalty Shots
Taylor Hall, Jordan Eberle, Phil Kessel, Riley Sheahan, Henrik Zetterberg
Scratches
Anton Volchenkov (Healthy), Jordan Caron (Healthy), Mike Smith (Healthy)
Blackhawks
5 vs 5 Forward
Center Left Wing Right Wing Time % Phy DF OF
1 Jordan Staal Antoine Roussel Rick Nash 40 1 2 2
2 Derick Brassard Johnny Gaudreau Blake Wheeler 30 1 2 2
3 Tim Connolly Patrick Marleau Gustav Nyquist 20 1 2 2
4 Mike Comrie Gabriel Bourque Garnet Hathaway 10 1 2 2
5 vs 5 Defense
Defense Defense Time % Phy DF OF
1 Torey Krug Jamie McBain 40 1 2 2
2 John Carlson Nick Leddy 30 1 2 2
3 Matthew Spiller Ryan Whitney 20 1 2 2
4 Torey Krug Jamie McBain 10 1 2 2
PowerPlay Forward
Center Left Wing Right Wing Time % Phy DF OF
1 Derick Brassard Johnny Gaudreau Gustav Nyquist 60 1 2 2
2 Jordan Staal Antoine Roussel Rick Nash 40 1 2 2
PowerPlay Defense
Defense Defense Time % Phy DF OF
1 Torey Krug Jamie McBain 60 1 2 2
2 John Carlson Nick Leddy 40 1 2 2
Penalty Kill 4 Players Forward
Center Wing Time % Phy DF OF
1 Derick Brassard Antoine Roussel 60 1 2 2
2 Mike Comrie Patrick Marleau 40 1 2 2
Penalty Kill 4 Players Defense
Defense Defense Time % Phy DF OF
1 Torey Krug Jamie McBain 60 1 2 2
2 Matthew Spiller Ryan Whitney 40 1 2 2
Penalty Kill - 3 Players Forward
Forward Time % Phy DF OF
1 Derick Brassard 60 1 2 2
2 Mike Comrie 40 1 2 2
Penalty Kill - 3 Players Defense
Defense Defense Time % Phy DF OF
1 Torey Krug Jamie McBain 60 1 2 2
2 Matthew Spiller Ryan Whitney 40 1 2 2
4 vs 4 Forward
Center Wing Time % Phy DF OF
1 Jordan Staal Antoine Roussel 60 1 2 2
2 Derick Brassard Johnny Gaudreau 40 1 2 2
4 vs 4 Defense
Defense Defense Time % Phy DF OF
1 Torey Krug Jamie McBain 60 1 2 2
2 Matthew Spiller Ryan Whitney 40 1 2 2
Last Minutes Offensive
Center Left Wing Right Wing Defense Defense
Jordan Staal Antoine Roussel Rick Nash Torey Krug Jamie McBain
Last Minutes Defensive
Center Left Wing Right Wing Defense Defense
Jordan Staal Antoine Roussel Rick Nash Torey Krug Jamie McBain
Goaltenders
Starting : Jimmy Howard
Backup : Pekka Rinne
Extra Forwards
Normal : Tim Connolly, Mike Comrie, Blake Wheeler - PP : Tim Connolly, Patrick Marleau - PK : Mike Comrie
Extra Defensemen
Normal : Matthew Spiller, Nick Leddy, Torey Krug - PP : Matthew Spiller - PK : Ryan Whitney, Torey Krug
Penalty Shots
Antoine Roussel, Jordan Staal, Derick Brassard, Johnny Gaudreau, Rick Nash
Scratches
Dustin Kohn (Healthy), Craig Cunningham (Healthy)
% Time on Ice - Oilers
Lines # - Real PCT - Wanted PCT - Time Play
Normal Forward
1 - 37% - 40% - 23:00
2 - 28% - 30% - 17:23
3 - 19% - 20% - 11:58
4 - 15% - 10% - 9:31
Normal Defense
1 - 44% - 40% - 27:10
2 - 29% - 30% - 17:48
3 - 21% - 20% - 12:54
4 - 6% - 10% - 4:00
PP Forward
1 - 69% - 60% - 2:35
2 - 31% - 40% - 1:11
PP Defense
1 - 60% - 60% - 2:16
2 - 40% - 40% - 1:30
PK Forward
1 - 74% - 60% - 8:01
2 - 26% - 40% - 2:49
PK Defense
1 - 64% - 60% - 6:58
2 - 36% - 40% - 3:52
PK3 Forward
1 - 0% - 60%
2 - 0% - 40%
PK3 Defense
1 - 0% - 60%
2 - 0% - 40%
44 Forward
1 - 76% - 60% - 2:51
2 - 24% - 40% - 0:53
44 Defense
1 - 65% - 60% - 2:25
2 - 35% - 40% - 1:19
Last Minute Offensive - 0:00
Last Minute Defensive - 0:00
Total
Forward - 80:12
Defense - 80:12
|
% Time on Ice - Blackhawks
Lines # - Real PCT - Wanted PCT - Time Play
Normal Forward
1 - 37% - 40% - 22:43
2 - 26% - 30% - 16:18
3 - 20% - 20% - 12:30
4 - 17% - 10% - 10:21
Normal Defense
1 - 35% - 40% - 21:24
2 - 36% - 30% - 22:25
3 - 25% - 20% - 15:28
4 - 4% - 10% - 2:35
PP Forward
1 - 62% - 60% - 6:45
2 - 38% - 40% - 4:05
PP Defense
1 - 62% - 60% - 6:42
2 - 38% - 40% - 4:08
PK Forward
1 - 89% - 60% - 3:14
2 - 11% - 40% - 0:25
PK Defense
1 - 68% - 60% - 2:30
2 - 32% - 40% - 1:09
PK3 Forward
1 - 100% - 60% - 1:41
2 - 0% - 40% - 0:00
PK3 Defense
1 - 67% - 60% - 1:08
2 - 33% - 40% - 0:33
44 Forward
1 - 72% - 60% - 1:34
2 - 28% - 40% - 0:36
44 Defense
1 - 72% - 60% - 1:34
2 - 28% - 40% - 0:36
Last Minute Offensive - 0:00
Last Minute Defensive - 0:00
Total
Forward - 80:12
Defense - 80:12
|
Play-by-Play
1st period
0:01 of 1st period - Henrik Zetterberg wins face-off versus Jordan Staal in neutral zone.
0:30 of 1st period - Wrist shot by Derick Brassard.
0:30 of 1st period - Shot Misses the Net.
1:37 of 1st period - Jordan Staal is hit by Henrik Zetterberg and loses puck.
2:06 of 1st period - Wrist shot by Blake Wheeler.
2:06 of 1st period - Stopped by James Reimer with a rebound.
3:01 of 1st period - Brandon Sutter is hit by Rick Nash and loses puck.
3:10 of 1st period - Snap shot by James Neal.
3:10 of 1st period - Shot Blocked by Antoine Roussel.
3:43 of 1st period - Snap shot by Johnny Gaudreau.
3:43 of 1st period - Shot Misses the Net.
3:56 of 1st period - Leon Draisaitl is hit by Patrick Marleau and loses puck.
4:07 of 1st period - Slapshot by Antoine Roussel.
4:07 of 1st period - Shot Blocked by Darnell Nurse.
4:09 of 1st period - Wrist shot by Antoine Roussel.
4:09 of 1st period - Stopped by James Reimer with a rebound.
4:11 of 1st period - Slapshot by Jordan Staal.
4:11 of 1st period - Shot Misses the Net.
4:13 of 1st period - Snap shot by Antoine Roussel.
4:13 of 1st period - Shot Misses the Net.
4:25 of 1st period - Wrist shot by Taylor Hall.
4:25 of 1st period - Stopped by Jimmy Howard without a rebound.
4:26 of 1st period - Henrik Zetterberg wins face-off versus Gabriel Bourque in Blackhawks zone.
4:38 of 1st period - Icing by Jamie McBain.
4:39 of 1st period - Mike Comrie wins face-off versus Henrik Zetterberg in Blackhawks zone.
4:39 of 1st period - Mike Comrie is hit by Henrik Zetterberg.
4:49 of 1st period - Slapshot by Garnet Hathaway.
4:49 of 1st period - Stopped by James Reimer without a rebound.
4:50 of 1st period - Brandon Sutter wins face-off versus Antoine Roussel in Oilers zone.
5:26 of 1st period - Minor Penalty to Taylor Hall for Interference.
5:27 of 1st period - Henrik Zetterberg wins face-off versus Derick Brassard in Oilers zone.
5:45 of 1st period - Jamie McBain is hit by Adam Larsson.
5:59 of 1st period - Brandon Sutter is hit by Rick Nash and loses puck.
7:26 of 1st period - Penalty to Taylor Hall is over, Taylor Hall is back on ice.
7:38 of 1st period - Slapshot by Mike Comrie.
7:38 of 1st period - Stopped by James Reimer without a rebound.
7:39 of 1st period - Kevin Porter wins face-off versus Mike Comrie in Oilers zone.
8:28 of 1st period - Tobias Enstrom is hit by Jamie McBain.
8:46 of 1st period - Slapshot by Rasmus Ristolainen.
8:46 of 1st period - Shot Misses the Net.
8:50 of 1st period - Wrist shot by Leon Draisaitl.
8:50 of 1st period - Stopped by Jimmy Howard without a rebound.
8:51 of 1st period - Derick Brassard wins face-off versus Henrik Zetterberg in Blackhawks zone.
9:18 of 1st period - Darnell Nurse is hit by Antoine Roussel and loses puck.
9:23 of 1st period - Snap shot by Antoine Roussel.
9:23 of 1st period - Stopped by James Reimer without a rebound.
9:24 of 1st period - Henrik Zetterberg wins face-off versus Jordan Staal in Oilers zone.
9:24 of 1st period - Henrik Zetterberg is hit by Antoine Roussel.
9:30 of 1st period - Wrist shot by Taylor Hall.
9:30 of 1st period - Shot Misses the Net.
10:12 of 1st period - Torey Krug is hit by Adam Larsson and loses puck.
10:53 of 1st period - Nick Leddy is hit by Henrik Zetterberg and loses puck.
10:58 of 1st period - Slapshot by Taylor Hall.
10:58 of 1st period - Shot Misses the Net.
11:00 of 1st period - Snap shot by Henrik Zetterberg.
11:00 of 1st period - Shot Misses the Net.
11:58 of 1st period - Icing by Phil Kessel.
11:59 of 1st period - Jordan Staal wins face-off versus Connor McDavid in Oilers zone.
12:08 of 1st period - Snap shot by Phil Kessel.
12:08 of 1st period - Stopped by Jimmy Howard with a rebound.
12:14 of 1st period - Slapshot by Phil Kessel.
12:14 of 1st period - Shot Blocked by Antoine Roussel.
12:16 of 1st period - Slapshot by Connor McDavid.
12:16 of 1st period - Stopped by Jimmy Howard without a rebound.
12:17 of 1st period - Henrik Zetterberg wins face-off versus Derick Brassard in Blackhawks zone.
12:20 of 1st period - Slapshot by Taylor Hall.
12:20 of 1st period - Deflect By Jordan Eberle.
12:20 of 1st period - Stopped by Jimmy Howard without a rebound.
12:21 of 1st period - Henrik Zetterberg wins face-off versus Derick Brassard in Blackhawks zone.
12:26 of 1st period - Wrist shot by Taylor Hall.
12:26 of 1st period - Shot Misses the Net.
13:16 of 1st period - Backhand shot by Garnet Hathaway.
13:16 of 1st period - Shot Misses the Net.
14:37 of 1st period - Snap shot by Mike Comrie.
14:37 of 1st period - Stopped by James Reimer without a rebound.
14:38 of 1st period - Kevin Porter wins face-off versus Mike Comrie in Oilers zone.
15:30 of 1st period - Torey Krug is hit by Adam Larsson and loses puck.
15:35 of 1st period - Snap shot by James Neal.
15:35 of 1st period - Deflect By Riley Sheahan.
15:35 of 1st period - Shot Misses the Net.
15:35 of 1st period - Puck is out of play.
15:36 of 1st period - Taylor Hall wins face-off versus Jordan Staal in Blackhawks zone.
15:37 of 1st period - Snap shot by Henrik Zetterberg.
15:37 of 1st period - Stopped by Jimmy Howard with a rebound.
15:39 of 1st period - Slapshot by Darnell Nurse.
15:39 of 1st period - Stopped by Jimmy Howard with a rebound.
15:41 of 1st period - Wrist shot by Taylor Hall.
15:41 of 1st period - Shot Misses the Net.
15:43 of 1st period - Slapshot by Taylor Hall.
15:43 of 1st period - Shot Blocked by Nick Leddy.
16:32 of 1st period - Snap shot by James Neal.
16:32 of 1st period - Shot Misses the Net.
17:42 of 1st period - Blake Wheeler is hit by Rasmus Ristolainen and loses puck.
18:55 of 1st period - Darnell Nurse is hit by Johnny Gaudreau and loses puck.
19:15 of 1st period - Rasmus Ristolainen is hit by Gustav Nyquist and loses puck.
19:28 of 1st period - Gustav Nyquist is hit by Riley Sheahan and loses puck.
19:45 of 1st period - Snap shot by James Neal.
19:45 of 1st period - Goal by James Neal - Oilers : 1 - Blackhawks : 0.
19:46 of 1st period - Henrik Zetterberg wins face-off versus Jordan Staal in neutral zone.
Goals for this period are 1 for Oilers vs 0 for Blackhawks.
Shots for this period are 8 for Oilers vs 6 for Blackhawks.
2nd period
0:01 of 2nd period - Antoine Roussel wins face-off versus Henrik Zetterberg in neutral zone.
0:04 of 2nd period - Slapshot by Jamie McBain.
0:04 of 2nd period - Stopped by James Reimer with a rebound.
0:06 of 2nd period - Snap shot by Antoine Roussel.
0:06 of 2nd period - Deflect By Rick Nash.
0:06 of 2nd period - Stopped by James Reimer with a rebound.
0:51 of 2nd period - Tobias Enstrom is hit by John Carlson and loses puck.
1:18 of 2nd period - Patrick Marleau is hit by Henrik Zetterberg and loses puck.
1:57 of 2nd period - Snap shot by Riley Sheahan.
1:57 of 2nd period - Stopped by Jimmy Howard without a rebound.
1:58 of 2nd period - Henrik Zetterberg wins face-off versus Derick Brassard in Blackhawks zone.
2:05 of 2nd period - Snap shot by Rasmus Ristolainen.
2:05 of 2nd period - Shot Hit the Post.
2:13 of 2nd period - Snap shot by Johnny Gaudreau.
2:13 of 2nd period - Shot Blocked by Tobias Enstrom.
2:15 of 2nd period - Wrist shot by Blake Wheeler.
2:15 of 2nd period - Deflect By Johnny Gaudreau.
2:15 of 2nd period - Shot Misses the Net.
2:15 of 2nd period - Puck is out of play.
2:16 of 2nd period - Jordan Staal wins face-off versus Brandon Sutter in Oilers zone.
3:27 of 2nd period - Icing by Nick Leddy.
3:28 of 2nd period - Tim Connolly wins face-off versus Kevin Porter in Blackhawks zone.
3:37 of 2nd period - Slapshot by Jordan Staal.
3:37 of 2nd period - Stopped by James Reimer without a rebound.
3:38 of 2nd period - Henrik Zetterberg wins face-off versus Jordan Staal in Oilers zone.
4:05 of 2nd period - James Neal is hit by Johnny Gaudreau and loses puck.
4:16 of 2nd period - Wrist shot by Derick Brassard.
4:16 of 2nd period - Shot Misses the Net.
4:17 of 2nd period - Minor Penalty to Blake Wheeler for Roughing.
4:18 of 2nd period - Connor McDavid wins face-off versus Derick Brassard in Blackhawks zone.
4:32 of 2nd period - Slapshot by Darnell Nurse.
4:32 of 2nd period - Deflect By Torey Krug.
4:32 of 2nd period - Stopped by Jimmy Howard with a rebound.
4:34 of 2nd period - Wrist shot by Phil Kessel.
4:34 of 2nd period - Shot Blocked by Jamie McBain.
4:46 of 2nd period - Snap shot by Jordan Eberle.
4:46 of 2nd period - Stopped by Jimmy Howard without a rebound.
4:47 of 2nd period - Derick Brassard wins face-off versus Henrik Zetterberg in Blackhawks zone.
4:58 of 2nd period - Snap shot by Henrik Zetterberg.
4:58 of 2nd period - Shot Blocked by Ryan Whitney.
5:00 of 2nd period - Wrist shot by Taylor Hall.
5:00 of 2nd period - Shot Misses the Net.
5:02 of 2nd period - Slapshot by Oscar Klefbom.
5:02 of 2nd period - Deflect By Derick Brassard.
5:02 of 2nd period - Stopped by Jimmy Howard with a rebound.
5:04 of 2nd period - Snap shot by Oscar Klefbom.
5:04 of 2nd period - Deflect By Taylor Hall.
5:04 of 2nd period - Goal by Taylor Hall - Oilers : 2 - Blackhawks : 0.
5:05 of 2nd period - Henrik Zetterberg wins face-off versus Jordan Staal in neutral zone.
5:26 of 2nd period - Torey Krug is hit by Henrik Zetterberg and loses puck.
5:54 of 2nd period - Snap shot by Antoine Roussel.
5:54 of 2nd period - Stopped by James Reimer with a rebound.
6:04 of 2nd period - Slapshot by Jordan Staal.
6:04 of 2nd period - Shot Misses the Net.
6:16 of 2nd period - Snap shot by Jordan Staal.
6:16 of 2nd period - Shot Misses the Net.
6:18 of 2nd period - Wrist shot by Antoine Roussel.
6:18 of 2nd period - Shot Blocked by Jordan Eberle.
6:20 of 2nd period - Slapshot by Torey Krug.
6:20 of 2nd period - Shot Blocked by Henrik Zetterberg.
6:22 of 2nd period - Slapshot by Jamie McBain.
6:22 of 2nd period - Stopped by James Reimer without a rebound.
6:23 of 2nd period - Derick Brassard wins face-off versus Brandon Sutter in Oilers zone.
6:38 of 2nd period - Slapshot by Denis Grebeshkov.
6:38 of 2nd period - Deflect By James Neal.
6:38 of 2nd period - Stopped by Jimmy Howard without a rebound.
6:39 of 2nd period - Connor McDavid wins face-off versus Tim Connolly in Blackhawks zone.
7:16 of 2nd period - Wrist shot by Mike Comrie.
7:16 of 2nd period - Stopped by James Reimer without a rebound.
7:17 of 2nd period - Kevin Porter wins face-off versus Derick Brassard in Oilers zone.
7:49 of 2nd period - Gabriel Bourque is hit by James Neal and loses puck.
7:58 of 2nd period - Snap shot by Brandon Sutter.
7:58 of 2nd period - Stopped by Jimmy Howard with a rebound.
8:08 of 2nd period - Jordan Staal is hit by Darnell Nurse and loses puck.
8:52 of 2nd period - Snap shot by Rasmus Ristolainen.
8:52 of 2nd period - Deflect By Johnny Gaudreau.
8:52 of 2nd period - Stopped by Jimmy Howard with a rebound.
8:54 of 2nd period - Wrist shot by Kevin Porter.
8:54 of 2nd period - Stopped by Jimmy Howard with a rebound.
9:16 of 2nd period - Icing by Rasmus Ristolainen.
9:17 of 2nd period - Henrik Zetterberg wins face-off versus Jordan Staal in Oilers zone.
9:24 of 2nd period - Henrik Zetterberg is hit by Matthew Spiller.
9:34 of 2nd period - Snap shot by Antoine Roussel.
9:34 of 2nd period - Shot Misses the Net.
10:04 of 2nd period - Tim Connolly is hit by James Neal and loses puck.
10:11 of 2nd period - Slapshot by Rasmus Ristolainen.
10:11 of 2nd period - Stopped by Jimmy Howard with a rebound.
10:13 of 2nd period - Snap shot by Rasmus Ristolainen.
10:13 of 2nd period - Shot Blocked by Matthew Spiller.
10:15 of 2nd period - Snap shot by James Neal.
10:15 of 2nd period - Shot Blocked by Tim Connolly.
10:17 of 2nd period - Slapshot by Rasmus Ristolainen.
10:17 of 2nd period - Shot Blocked by Matthew Spiller.
10:19 of 2nd period - Wrist shot by Riley Sheahan.
10:19 of 2nd period - Shot Blocked by Tim Connolly.
11:01 of 2nd period - Wrist shot by Tim Connolly.
11:01 of 2nd period - Stopped by James Reimer with a rebound.
11:17 of 2nd period - Snap shot by Tim Connolly.
11:17 of 2nd period - Shot Misses the Net.
11:23 of 2nd period - Wrist shot by Riley Sheahan.
11:23 of 2nd period - Stopped by Jimmy Howard with a rebound.
11:37 of 2nd period - Slapshot by Brandon Sutter.
11:37 of 2nd period - Stopped by Jimmy Howard without a rebound.
11:38 of 2nd period - Henrik Zetterberg wins face-off versus Jordan Staal in Blackhawks zone.
11:45 of 2nd period - Snap shot by Jordan Eberle.
11:45 of 2nd period - Stopped by Jimmy Howard without a rebound.
11:46 of 2nd period - Jordan Staal wins face-off versus Henrik Zetterberg in Blackhawks zone.
11:46 of 2nd period - Jordan Staal is hit by Henrik Zetterberg.
11:54 of 2nd period - Darnell Nurse is hit by Rick Nash and loses puck.
12:11 of 2nd period - Snap shot by Rick Nash.
12:11 of 2nd period - Stopped by James Reimer without a rebound.
12:12 of 2nd period - Blake Wheeler wins face-off versus Connor McDavid in Oilers zone.
12:15 of 2nd period - Slapshot by Derick Brassard.
12:15 of 2nd period - Shot Misses the Net.
13:38 of 2nd period - Minor Penalty to Kevin Porter for Holding.
13:39 of 2nd period - Derick Brassard wins face-off versus Henrik Zetterberg in Oilers zone.
13:44 of 2nd period - Snap shot by Johnny Gaudreau.
13:44 of 2nd period - Shot Misses the Net.
14:15 of 2nd period - Off-side.
14:16 of 2nd period - Jordan Staal wins face-off versus Brandon Sutter in neutral zone.
14:19 of 2nd period - Wrist shot by John Carlson.
14:19 of 2nd period - Goal by John Carlson - Oilers : 2 - Blackhawks : 1.
14:20 of 2nd period - Jordan Staal wins face-off versus Jordan Eberle in neutral zone.
14:35 of 2nd period - Snap shot by Antoine Roussel.
14:35 of 2nd period - Stopped by James Reimer without a rebound.
14:36 of 2nd period - Derick Brassard wins face-off versus Brandon Sutter in Oilers zone.
14:37 of 2nd period - Snap shot by Johnny Gaudreau.
14:37 of 2nd period - Shot Misses the Net.
14:39 of 2nd period - Wrist shot by Blake Wheeler.
14:39 of 2nd period - Deflect By Derick Brassard.
14:39 of 2nd period - Stopped by James Reimer with a rebound.
14:43 of 2nd period - Snap shot by Derick Brassard.
14:43 of 2nd period - Stopped by James Reimer with a rebound.
14:47 of 2nd period - Snap shot by Johnny Gaudreau.
14:47 of 2nd period - Shot Misses the Net.
14:51 of 2nd period - Wrist shot by Johnny Gaudreau.
14:51 of 2nd period - Stopped by James Reimer without a rebound.
14:52 of 2nd period - Jordan Staal wins face-off versus Henrik Zetterberg in Oilers zone.
14:57 of 2nd period - Snap shot by Rick Nash.
14:57 of 2nd period - Stopped by James Reimer without a rebound.
14:58 of 2nd period - Henrik Zetterberg wins face-off versus Jordan Staal in Oilers zone.
15:00 of 2nd period - Minor Penalty to Adam Larsson for Hooking.
15:01 of 2nd period - Derick Brassard wins face-off versus Henrik Zetterberg in Oilers zone.
15:05 of 2nd period - Slapshot by Johnny Gaudreau.
15:05 of 2nd period - Shot Blocked by Darnell Nurse.
15:15 of 2nd period - Henrik Zetterberg is hit by Gustav Nyquist and loses puck.
17:00 of 2nd period - Penalty to Adam Larsson is over, Adam Larsson is back on ice.
17:36 of 2nd period - Kevin Porter is hit by Gabriel Bourque and loses puck.
18:21 of 2nd period - Garnet Hathaway is hit by Phil Kessel and loses puck.
19:01 of 2nd period - Torey Krug is hit by Taylor Hall and loses puck.
19:41 of 2nd period - Taylor Hall is hit by Mike Comrie and loses puck.
19:58 of 2nd period - Ryan Whitney is hit by Henrik Zetterberg and loses puck.
Goals for this period are 1 for Oilers vs 1 for Blackhawks.
Shots for this period are 13 for Oilers vs 14 for Blackhawks.
3rd period
0:01 of 3rd period - Jordan Staal wins face-off versus Henrik Zetterberg in neutral zone.
0:56 of 3rd period - Snap shot by Garnet Hathaway.
0:56 of 3rd period - Deflect By Mike Comrie.
0:56 of 3rd period - Shot Blocked by Denis Grebeshkov.
0:56 of 3rd period - Puck is out of play.
0:57 of 3rd period - Henrik Zetterberg wins face-off versus Jordan Staal in Oilers zone.
1:03 of 3rd period - Tobias Enstrom is hit by Rick Nash.
1:14 of 3rd period - John Carlson is hit by Rasmus Ristolainen and loses puck.
1:23 of 3rd period - Jordan Staal is hit by Henrik Zetterberg and loses puck.
1:33 of 3rd period - Minor Penalty to Henrik Zetterberg for Hooking.
1:34 of 3rd period - Nikolai Kulemin wins face-off versus Derick Brassard in Oilers zone.
1:40 of 3rd period - Minor Penalty to Derick Brassard for Hooking.
1:41 of 3rd period - Jordan Staal wins face-off versus Brandon Sutter in Blackhawks zone.
2:02 of 3rd period - Brandon Sutter is hit by Torey Krug and loses puck.
2:29 of 3rd period - Slapshot by Riley Sheahan.
2:29 of 3rd period - Shot Misses the Net.
2:31 of 3rd period - Snap shot by Denis Grebeshkov.
2:31 of 3rd period - Deflect By Leon Draisaitl.
2:31 of 3rd period - Shot Misses the Net.
2:31 of 3rd period - Puck is out of play.
2:32 of 3rd period - Jordan Staal wins face-off versus Brandon Sutter in Blackhawks zone.
2:54 of 3rd period - Icing by Tobias Enstrom.
2:55 of 3rd period - Brandon Sutter wins face-off versus Tim Connolly in Oilers zone.
3:33 of 3rd period - Penalty to Henrik Zetterberg is over, Henrik Zetterberg is back on ice.
3:40 of 3rd period - Penalty to Derick Brassard is over, Derick Brassard is back on ice.
4:02 of 3rd period - Slapshot by Derick Brassard.
4:02 of 3rd period - Goal by Derick Brassard - Oilers : 2 - Blackhawks : 2.
4:03 of 3rd period - Derick Brassard wins face-off versus Henrik Zetterberg in neutral zone.
5:02 of 3rd period - Rasmus Ristolainen is hit by Garnet Hathaway and loses puck.
5:13 of 3rd period - Slapshot by Rasmus Ristolainen.
5:13 of 3rd period - Shot Blocked by Antoine Roussel.
5:15 of 3rd period - Wrist shot by Nikolai Kulemin.
5:15 of 3rd period - Stopped by Jimmy Howard without a rebound.
5:16 of 3rd period - Kevin Porter wins face-off versus Jordan Staal in Blackhawks zone.
6:33 of 3rd period - Garnet Hathaway is hit by Tobias Enstrom and loses puck.
6:46 of 3rd period - Wrist shot by Tobias Enstrom.
6:46 of 3rd period - Stopped by Jimmy Howard without a rebound.
6:47 of 3rd period - Jordan Staal wins face-off versus Kevin Porter in Blackhawks zone.
6:47 of 3rd period - Jordan Staal is hit by Pavel Buchnevich.
7:13 of 3rd period - Oscar Klefbom is hit by Derick Brassard.
7:17 of 3rd period - Snap shot by Henrik Zetterberg.
7:17 of 3rd period - Stopped by Jimmy Howard without a rebound.
7:18 of 3rd period - Derick Brassard wins face-off versus Henrik Zetterberg in Blackhawks zone.
8:06 of 3rd period - Slapshot by Jamie McBain.
8:06 of 3rd period - Shot Misses the Net.
8:33 of 3rd period - Snap shot by Tobias Enstrom.
8:33 of 3rd period - Stopped by Jimmy Howard without a rebound.
8:34 of 3rd period - Henrik Zetterberg wins face-off versus Jordan Staal in Blackhawks zone.
8:40 of 3rd period - Off-side.
8:41 of 3rd period - Henrik Zetterberg wins face-off versus Jordan Staal in neutral zone.
9:43 of 3rd period - Slapshot by Jordan Eberle.
9:43 of 3rd period - Stopped by Jimmy Howard without a rebound.
9:44 of 3rd period - Derick Brassard wins face-off versus Brandon Sutter in Blackhawks zone.
9:44 of 3rd period - Derick Brassard is hit by Brandon Sutter.
9:59 of 3rd period - Off-side.
10:00 of 3rd period - Tim Connolly wins face-off versus Connor McDavid in neutral zone.
10:03 of 3rd period - Slapshot by Jamie McBain.
10:03 of 3rd period - Shot Misses the Net.
10:05 of 3rd period - Snap shot by Patrick Marleau.
10:05 of 3rd period - Stopped by James Reimer without a rebound.
10:06 of 3rd period - Connor McDavid wins face-off versus Tim Connolly in Oilers zone.
10:41 of 3rd period - Slapshot by Johnny Gaudreau.
10:41 of 3rd period - Shot Misses the Net.
11:23 of 3rd period - Mike Comrie is hit by Denis Grebeshkov and loses puck.
11:50 of 3rd period - Snap shot by Nikolai Kulemin.
11:50 of 3rd period - Stopped by Jimmy Howard without a rebound.
11:51 of 3rd period - Jordan Staal wins face-off versus Henrik Zetterberg in Blackhawks zone.
12:00 of 3rd period - Wrist shot by Jordan Staal.
12:00 of 3rd period - Stopped by James Reimer without a rebound.
12:01 of 3rd period - Jordan Staal wins face-off versus Henrik Zetterberg in Oilers zone.
13:03 of 3rd period - Nick Leddy is hit by Rasmus Ristolainen and loses puck.
14:21 of 3rd period - Slapshot by Nick Leddy.
14:21 of 3rd period - Shot Blocked by Taylor Hall.
14:23 of 3rd period - Minor Penalty to Tobias Enstrom for Interference.
14:24 of 3rd period - Derick Brassard wins face-off versus Nikolai Kulemin in Oilers zone.
14:37 of 3rd period - Nikolai Kulemin is hit by Derick Brassard and loses puck.
16:23 of 3rd period - Penalty to Tobias Enstrom is over, Tobias Enstrom is back on ice.
19:35 of 3rd period - Rick Nash is hit by Darnell Nurse and loses puck.
Goals for this period are 0 for Oilers vs 1 for Blackhawks.
Shots for this period are 6 for Oilers vs 3 for Blackhawks.
Overtime #1
0:01 of 1st overtime period - Henrik Zetterberg wins face-off versus Jordan Staal in neutral zone.
0:39 of 1st overtime period - Slapshot by James Neal.
0:39 of 1st overtime period - Stopped by Jimmy Howard without a rebound.
0:40 of 1st overtime period - Connor McDavid wins face-off versus Tim Connolly in Blackhawks zone.
0:49 of 1st overtime period - Wrist shot by Connor McDavid.
0:49 of 1st overtime period - Shot Blocked by Matthew Spiller.
0:51 of 1st overtime period - Slapshot by Connor McDavid.
0:51 of 1st overtime period - Shot Misses the Net.
0:53 of 1st overtime period - Slapshot by Adam Larsson.
0:53 of 1st overtime period - Stopped by Jimmy Howard with a rebound.
1:13 of 1st overtime period - Snap shot by Jordan Staal.
1:13 of 1st overtime period - Shot Misses the Net.
1:15 of 1st overtime period - Wrist shot by Antoine Roussel.
1:15 of 1st overtime period - Shot Misses the Net.
1:17 of 1st overtime period - Wrist shot by Rick Nash.
1:17 of 1st overtime period - Stopped by James Reimer with a rebound.
1:19 of 1st overtime period - Snap shot by Rick Nash.
1:19 of 1st overtime period - Stopped by James Reimer without a rebound.
1:20 of 1st overtime period - Brandon Sutter wins face-off versus Blake Wheeler in Oilers zone.
1:27 of 1st overtime period - Wrist shot by Riley Sheahan.
1:27 of 1st overtime period - Shot Blocked by Jamie McBain.
1:46 of 1st overtime period - Antoine Roussel is hit by Henrik Zetterberg and loses puck.
1:55 of 1st overtime period - Wrist shot by Jordan Staal.
1:55 of 1st overtime period - Shot Misses the Net.
1:57 of 1st overtime period - Slapshot by John Carlson.
1:57 of 1st overtime period - Deflect By Denis Grebeshkov.
1:57 of 1st overtime period - Stopped by James Reimer with a rebound.
2:11 of 1st overtime period - Snap shot by Tim Connolly.
2:11 of 1st overtime period - Shot Misses the Net.
2:19 of 1st overtime period - Wrist shot by Denis Grebeshkov.
2:19 of 1st overtime period - Deflect By Phil Kessel.
2:19 of 1st overtime period - Shot Misses the Net.
2:19 of 1st overtime period - Puck is out of play.
2:20 of 1st overtime period - Brandon Sutter wins face-off versus Jordan Staal in Blackhawks zone.
2:56 of 1st overtime period - Wrist shot by Taylor Hall.
2:56 of 1st overtime period - Shot Misses the Net.
3:11 of 1st overtime period - Minor Penalty to Leon Draisaitl for Hooking.
3:12 of 1st overtime period - Derick Brassard wins face-off versus Henrik Zetterberg in Oilers zone.
3:57 of 1st overtime period - John Carlson is hit by Brandon Sutter and loses puck.
4:28 of 1st overtime period - Gustav Nyquist is hit by Nikolai Kulemin.
5:11 of 1st overtime period - Penalty to Leon Draisaitl is over, Leon Draisaitl is back on ice.
5:38 of 1st overtime period - Wrist shot by Pavel Buchnevich.
5:38 of 1st overtime period - Stopped by Jimmy Howard with a rebound.
5:40 of 1st overtime period - Snap shot by Kevin Porter.
5:40 of 1st overtime period - Stopped by Jimmy Howard without a rebound.
5:41 of 1st overtime period - Kevin Porter wins face-off versus Mike Comrie in Blackhawks zone.
5:45 of 1st overtime period - Minor Penalty to Mike Comrie for Roughing.
5:46 of 1st overtime period - Derick Brassard wins face-off versus Connor McDavid in Blackhawks zone.
6:03 of 1st overtime period - Minor Penalty to Derick Brassard for Tripping.
6:04 of 1st overtime period - Connor McDavid wins face-off versus Jordan Staal in Blackhawks zone.
6:10 of 1st overtime period - Minor Penalty to Taylor Hall for Hooking.
6:11 of 1st overtime period - Jordan Staal wins face-off versus Brandon Sutter in Oilers zone.
6:28 of 1st overtime period - Slapshot by Rasmus Ristolainen.
6:28 of 1st overtime period - Stopped by Jimmy Howard without a rebound.
6:29 of 1st overtime period - Brandon Sutter wins face-off versus Jordan Staal in Blackhawks zone.
6:42 of 1st overtime period - Slapshot by Rasmus Ristolainen.
6:42 of 1st overtime period - Stopped by Jimmy Howard with a rebound.
7:45 of 1st overtime period - Penalty to Mike Comrie is over, Mike Comrie is back on ice.
7:52 of 1st overtime period - Snap shot by Connor McDavid.
7:52 of 1st overtime period - Stopped by Jimmy Howard with a rebound.
8:03 of 1st overtime period - Penalty to Derick Brassard is over, Derick Brassard is back on ice.
8:10 of 1st overtime period - Penalty to Taylor Hall is over, Taylor Hall is back on ice.
8:50 of 1st overtime period - Off-side.
8:51 of 1st overtime period - Derick Brassard wins face-off versus Kevin Porter in neutral zone.
8:53 of 1st overtime period - John Carlson is hit by Oscar Klefbom and loses puck.
8:58 of 1st overtime period - Slapshot by Johnny Gaudreau.
8:58 of 1st overtime period - Deflect By Derick Brassard.
8:58 of 1st overtime period - Shot Misses the Net.
8:58 of 1st overtime period - Puck is out of play.
8:59 of 1st overtime period - Derick Brassard wins face-off versus Connor McDavid in Oilers zone.
10:08 of 1st overtime period - Slapshot by Mike Comrie.
10:08 of 1st overtime period - Stopped by James Reimer without a rebound.
10:09 of 1st overtime period - Mike Comrie wins face-off versus Connor McDavid in Oilers zone.
10:14 of 1st overtime period - Wrist shot by Gabriel Bourque.
10:14 of 1st overtime period - Shot Misses the Net.
10:16 of 1st overtime period - Slapshot by Jamie McBain.
10:16 of 1st overtime period - Stopped by James Reimer with a rebound.
10:33 of 1st overtime period - Wrist shot by Mike Comrie.
10:33 of 1st overtime period - Shot Misses the Net.
10:41 of 1st overtime period - Slapshot by Oscar Klefbom.
10:41 of 1st overtime period - Shot Misses the Net.
10:43 of 1st overtime period - Slapshot by Connor McDavid.
10:43 of 1st overtime period - Shot Misses the Net.
10:45 of 1st overtime period - Wrist shot by Oscar Klefbom.
10:45 of 1st overtime period - Shot Misses the Net.
10:47 of 1st overtime period - Wrist shot by Phil Kessel.
10:47 of 1st overtime period - Stopped by Jimmy Howard with a rebound.
10:49 of 1st overtime period - Slapshot by Adam Larsson.
10:49 of 1st overtime period - Shot Blocked by Ryan Whitney.
11:19 of 1st overtime period - Snap shot by Garnet Hathaway.
11:19 of 1st overtime period - Stopped by James Reimer without a rebound.
11:20 of 1st overtime period - Taylor Hall wins face-off versus Jordan Staal in Oilers zone.
11:52 of 1st overtime period - Snap shot by Johnny Gaudreau.
11:52 of 1st overtime period - Stopped by James Reimer with a rebound.
12:13 of 1st overtime period - John Carlson is hit by Pavel Buchnevich.
12:19 of 1st overtime period - Snap shot by Tim Connolly.
12:19 of 1st overtime period - Stopped by James Reimer with a rebound.
12:21 of 1st overtime period - Wrist shot by Tim Connolly.
12:21 of 1st overtime period - Stopped by James Reimer with a rebound.
12:47 of 1st overtime period - Snap shot by James Neal.
12:47 of 1st overtime period - Stopped by Jimmy Howard with a rebound.
12:49 of 1st overtime period - Slapshot by Brandon Sutter.
12:49 of 1st overtime period - Shot Misses the Net.
12:51 of 1st overtime period - Wrist shot by James Neal.
12:51 of 1st overtime period - Stopped by Jimmy Howard without a rebound.
12:52 of 1st overtime period - Derick Brassard wins face-off versus Henrik Zetterberg in Blackhawks zone.
12:54 of 1st overtime period - Minor Penalty to Blake Wheeler for Hooking.
12:55 of 1st overtime period - Connor McDavid wins face-off versus Derick Brassard in Blackhawks zone.
14:20 of 1st overtime period - Derick Brassard is hit by Tobias Enstrom.
14:30 of 1st overtime period - Phil Kessel is hit by Torey Krug.
14:42 of 1st overtime period - Phil Kessel is hit by Ryan Whitney.
14:52 of 1st overtime period - Johnny Gaudreau is hit by Leon Draisaitl and loses puck.
14:54 of 1st overtime period - Penalty to Blake Wheeler is over, Blake Wheeler is back on ice.
15:25 of 1st overtime period - Slapshot by Mike Comrie.
15:25 of 1st overtime period - Shot Blocked by Darnell Nurse.
15:45 of 1st overtime period - Pavel Buchnevich is hit by Antoine Roussel.
15:54 of 1st overtime period - Darnell Nurse is hit by Jamie McBain and loses puck.
15:59 of 1st overtime period - Rasmus Ristolainen is hit by Gustav Nyquist and loses puck.
17:04 of 1st overtime period - Wrist shot by Johnny Gaudreau.
17:04 of 1st overtime period - Stopped by James Reimer without a rebound.
17:04 of 1st overtime period - Minor Penalty to James Reimer for Slashing.
17:05 of 1st overtime period - Derick Brassard wins face-off versus Henrik Zetterberg in Oilers zone.
17:57 of 1st overtime period - Jordan Eberle is hit by Johnny Gaudreau and loses puck.
19:04 of 1st overtime period - Penalty to Nikolai Kulemin is over, Nikolai Kulemin is back on ice.
19:32 of 1st overtime period - Off-side.
19:33 of 1st overtime period - Tim Connolly wins face-off versus Connor McDavid in neutral zone.
19:43 of 1st overtime period - Minor Penalty to Tim Connolly for Boarding.
19:44 of 1st overtime period - Derick Brassard wins face-off versus Connor McDavid in Blackhawks zone.
Goals for this period are 0 for Oilers vs 0 for Blackhawks.
Shots for this period are 10 for Oilers vs 10 for Blackhawks.
Overtime #2
0:01 of 2nd overtime period - Connor McDavid wins face-off versus Derick Brassard in neutral zone.
0:12 of 2nd overtime period - Snap shot by Connor McDavid.
0:12 of 2nd overtime period - Goal by Connor McDavid - Oilers : 3 - Blackhawks : 2.
Goals for this period are 1 for Oilers vs 0 for Blackhawks.
Shots for this period are 1 for Oilers vs 0 for Blackhawks.
Output by the SimonT Hockey Simulator (STHS) for Francois Prevost